 Dungeon Crawl Stone Soup version 0.20-a0-760-g49f5558 (webtiles) character file.

1070 polly the Gusty (level 8, -6/47 HPs)
             Began as an Octopode Air Elementalist on Feb 26, 2017.
             Mangled by dracfodder's ghost (15 damage)
             ... on level 6 of the Dungeon.
             The game lasted 00:17:02 (6708 turns).

polly the Gusty (Octopode Air Elementalist)         Turns: 6708, Time: 00:17:03

Health: -6/47      AC:  1    Str:  7    XL:     8   Next: 28%
Magic:  10/15      EV: 17    Int: 19    God:
Gold:   214        SH:  0    Dex: 13    Spells: 12/17 levels left

rFire    + . .     SeeInvis .     - Unarmed
rCold    x . .     Gourm    .   (no shield)
rNeg     + . .     Faith    .   (helmet restricted)
rPois    .         Spirit   .   (no amulet)
rElec    .         Reflect  .   c - ring of fire
rCorr    .         Harm     .   n - ring of positive energy
MR       .....                  v - +3 ring of evasion
Stlth    +++.......             (no ring)
Regen    0.2/turn               (no ring)
MPRegen  0.2/turn               (no ring)
                                (no ring)
                                (no ring)

@: no status effects
A: almost no armour, stealthy swim, amphibious, 8 rings, constrict 8, camouflage
1, gelatinous body 1
a: no special abilities


You were on level 6 of the Dungeon.
You were not hungry.

You visited 1 branch of the dungeon, and saw 6 of its levels.

You collected 214 gold pieces.

Inventory:

Jewellery
 c - a ring of fire (left tentacle)
 n - a ring of positive energy (right tentacle)
 v - a +3 ring of evasion (on tentacle)
 A - an uncursed ring of resist corrosion {unknown}
Scrolls
 d - 2 scrolls of enchant weapon {unknown}
 e - 2 scrolls of teleportation {unknown}
 g - 3 scrolls of remove curse {unknown}
 h - 8 scrolls of identify {unknown}
 i - 2 scrolls of random uselessness {unknown}
 l - 2 scrolls of recharging {unknown}
 u - 3 scrolls of magic mapping {unknown}
 w - 2 scrolls of enchant armour {unknown}
 y - a scroll of torment {unknown}
Potions
 f - a potion of lignification {unknown}
 j - 7 potions of curing
 k - 3 potions of might {unknown}
 m - a potion of degeneration {unknown}
 p - a potion of flight
 r - a potion of berserk rage {unknown}
 t - a potion of cancellation {unknown}
 x - a potion of haste
 B - a potion of heal wounds
 C - 2 potions of magic {unknown}
Books
 a - a book of Air

   Spells                             Type                      Level
   a - Shock                          Conjuration/Air              1
   b - Swiftness                      Charms/Air                   2
   c - Static Discharge               Conjuration/Air              3
   d - Airstrike                      Air                          4
   e - Lightning Bolt                 Conjuration/Air              5
 z - a book of Flames

   Spells                             Type                      Level
   a - Flame Tongue                   Conjuration/Fire             1
   b - Throw Flame                    Conjuration/Fire             2
   c - Conjure Flame                  Conjuration/Fire             3
   d - Inner Flame                    Hexes/Fire                   3
   e - Sticky Flame                   Conjuration/Fire             4
   f - Fireball                       Conjuration/Fire             5
Comestibles
 b - 4 bread rations
 o - a meat ration
 q - 2 royal jellies
 s - 16 fruits


   Skills:
 + Level 0.6 Fighting
 + Level 2.8 Dodging
 + Level 4.0 Stealth
 + Level 1.2 Unarmed Combat
 + Level 5.3 Spellcasting
 + Level 4.8 Conjurations
 + Level 5.5 Air Magic


You had 12 spell levels left.
You knew the following spells:

 Your Spells              Type           Power        Failure   Level  Hunger
a - Shock                 Conj/Air       ###.         1%          1    None
b - Airstrike             Air            ####......   14%         4    ####...


Dungeon Overview and Level Annotations

Branches:
Dungeon (6/15)
 Temple: D:4-7

Altars:
Dithmenos
Fedhas
Kikubaaqudgha
Nemelex Xobeh

Annotations:
D:4 Edmund
D:6 dracfodder's ghost, novice MiMo


Innate Abilities, Weirdness & Mutations

You cannot wear most types of armour.
You are very stealthy in the water. (Stealth+)
You are amphibious.
You can wear up to eight rings at the same time.
You can use your tentacles to constrict eight enemies at once.
Your skin changes colour to match your surroundings (Stealth+).
Your rubbery body absorbs attacks. (AC +1, EV +1)


Message History

The zap hits the jackal.
The jackal is almost dead.
The jackal misses you.
Casting: Shock
Confirm with . or Enter, or press ? or * to list all spells.
Aiming: Shock
Press: ? - help, Shift-Dir - straight line, f/p - jackal
Aim: a jackal (almost dead)
The zap hits the jackal.
You kill the jackal!
You climb downwards.
Level annotation: dracfodder's ghost, novice MiMo Dracfodder's ghost hits you!
You are electrocuted!
Dracfodder's ghost misses you.
Your magical contamination has completely faded away.
There is a stone staircase leading up here.
Dracfodder's ghost hits you!
* * * LOW HITPOINT WARNING * * *
You are electrocuted!
You die...

#..†....# #
#.####..#
###.######.# ..#
........##.####....
#..............###
#####W##.##.....
#.##... ...##
#.#######.#####.#..#
#.....W@..# # .#
########### .


You could see dracfodder's ghost.

Vanquished Creatures
  An orc warrior (D:5)
  An ice beast (D:4)
  A phantom (D:4)
  An ogre (D:5)
  A crimson imp (D:5)
  6 orc priests
  A bullfrog skeleton (D:5)
  5 orc wizards
  A centaur skeleton (D:4)
  2 worker ants
  A hound skeleton (D:4)
  4 gnolls (D:4)
  5 adders
  2 oozes
  2 adder skeletons (D:4)
  3 worms
  2 dart slugs
  28 orcs
  3 giant cockroaches
  8 goblins
  10 hobgoblins
  7 jackals
  4 quokkas
  7 bats
  6 frilled lizards
  A jackal skeleton (D:5)
  6 kobolds
  A leopard gecko zombie (D:5)
  10 rats
130 creatures vanquished.

Notes
Turn   | Place    | Note
-------+----------+-------------------------------------------
     0 | D:1      | polly the Octopode Air Elementalist began the quest for the Orb.
     0 | D:1      | Reached XP level 1. HP: 11/11 MP: 3/3
   181 | D:1      | Reached XP level 2. HP: 17/17 MP: 1/5
   725 | D:2      | Reached XP level 3. HP: 20/21 MP: 1/6
  1199 | D:2      | Reached XP level 4. HP: 27/27 MP: 2/8
  2568 | D:3      | Reached skill level 1 in Unarmed Combat
  2568 | D:3      | Reached XP level 5. HP: 10/31 MP: 0/9
  2959 | D:3      | Found a blossoming altar of Fedhas.
  3583 | D:4      | Reached XP level 6. HP: 30/37 MP: 2/11
  3720 | D:4      | Noticed a phantom
  3731 | D:4      | Killed a phantom
  3834 | D:4      | Found a sparkling altar of Nemelex Xobeh.
  4306 | D:4      | Found a shadowy altar of Dithmenos.
  4534 | D:4      | Reached XP level 7. HP: 28/42 MP: 0/12
  4558 | D:4      | Noticed Edmund
  5141 | D:5      | Entered Level 5 of the Dungeon
  5295 | D:5      | Reached skill level 5 in Air Magic
  5481 | D:5      | Learned a level 4 spell: Airstrike
  5575 | D:5      | Reached XP level 8. HP: 41/47 MP: 0/15
  5953 | D:5      | Reached skill level 5 in Spellcasting
  6602 | D:5      | Found an ancient bone altar of Kikubaaqudgha.
  6682 | D:6      | Noticed dracfodder's ghost (novice MiMo)
  6708 | D:6      | Mangled by dracfodder's ghost

Vault maps used:
D:1:      sevenhm_arrival_forest_fort_small_3
D:2:      serial_forest, infiniplex_forest_side_room,
          infiniplex_forest_lined_room_2, infiniplex_forest_fountain,
          infiniplex_forest_end_2, infiniplex_forest_straight_2,
          infiniplex_forest_side_room, infiniplex_forest_lined_1,
          infiniplex_forest_straight_2
D:3:      fedhas_altar_fruit_tree, serial_bayou_lagoon_a,
          guppyfry_early_lair_pool
D:4:      nemelex_xobeh_ov_fountains_minmay, first_bread,
          hangedman_feature_mirror, minmay_misc_feat_doors,
          nicolae_dithmenos_through_a_glass_darkly, uniq_edmund
D:5:      lemuel_doored_altar
D:6:      kennysheep_mini_moat, grunt_temple_overflow_open, serial_shops, shop

Skill      XL: |  1  2  3  4  5  6  7  8 |
---------------+-------------------------+-----
Stealth        | 3 4 |  4.0
Conjurations   | 2 3 4 |  4.8
Unarmed Combat | 1 |  1.2
Spellcasting   | 3 4 5 |  5.3
Air Magic      | 4 5 |  5.5
Fighting       | |  0.6
Dodging        | |  2.8

Action                   |  1- 3 |  4- 6 |  7- 9 || total
-------------------------+-------+-------+-------++-------
Melee: Unarmed           |    25 |    21 |     3 ||    49
       Constrict         |     8 |     6 |     1 ||    15
       Tentacles         |     3 |     4 |       ||     7
 Cast: Shock             |    56 |   171 |   128 ||   355
       Airstrike         |       |       |     2 ||     2
  Use: Potion            |     5 |       |       ||     5
  Eat: Chunk             |     1 |     8 |     5 ||    14
       Royal jelly       |       |     1 |       ||     1
       Bread ration      |       |       |     1 ||     1
Armor: Skin              |     3 |     7 |     1 ||    11
Dodge: Dodged            |    29 |    46 |    25 ||   100
